AoeStats
← damiansima

Black Forest

509998738Analyzed
4v4 RM · 4d ago on Sep 29, 2026· 50m 51s· 8 players
Game mode
Random Map
Map size
Large (8 player)
Population
200
Speed
Normal
Resources
Standard
Victory
Conquest
Starting age
Dark Age
Ending age
Imperial Age
RankedLock teamsTeams togetherTeam positionsShared explorationLock speedFull tech treeHidden civsTurbo modeCheats
Victory
Defeat
🇦🇷 Danes · Argentina
1087
+13
🇺🇸 Burgundians · United States
1079
+13
🇺🇸 Persians · United States
1065
+14
🇺🇸 Koreans · United States
1059
+14
🇨🇦 Celts · Canada
1077
-15
🇧🇷 Mongols · Brazil
1017
-14
🇫🇮 Inca · Finland
1013
-13
🇮🇹 Koreans · Italy
973
-12
Fred Jama
0:38 Loom
14:44 Feudal Age
15:52 Double-Bit Axe
16:05 Horse Collar
19:01 Castle Age
17:47 Stone Mining
18:52 Town Watch
19:43 Wheelbarrow
20:09 Bow Saw
28:08 Heavy Plow
29:22 Gold Mining
31:19 Gold Shaft Mining
31:50 Hand Cart
35:35 Imperial Age
34:36 Town Patrol
34:26 Fishing Lines
35:35 Stone Shaft Mining
34:42 Pikeman
35:22 Squires
35:08 Arson
35:15 Fletching
35:36 Forging
36:24 Caravan
35:49 Halberdier
37:09 Heavy Rocket Cart
38:17 Conscription
43:18 Two-Man Saw
Rölli
0:27 Loom
13:02 Feudal Age
13:36 Double-Bit Axe
13:42 Horse Collar
22:59 Castle Age
21:02 Gold Mining
21:11 Stone Mining
26:23 Fortified Wall
26:49 Bow Saw
27:23 Heavy Plow
29:21 Wheelbarrow
33:11 Imperial Age
32:10 Thumb Ring
31:26 Elite Skirmisher
31:28 Crossbowman
32:32 Squires
32:34 Scale Mail Armor
32:45 Forging
32:29 Fletching
33:47 Padded Archer Armor
35:06 Fabric Shields
35:27 Conscription
36:01 Hand Cart
35:33 Town Watch
36:04 Bodkin Arrow
36:25 Leather Archer Armor
37:38 Ballistics
38:19 Chemistry
37:27 Bracer
38:06 Andean Sling
38:54 Ring Archer Armor
39:27 Chain Mail Armor
39:48 Iron Casting
39:35 Elite Kamayuk
41:02 Arson
41:58 Hoardings
43:24 Plate Mail Armor
43:54 Blast Furnace
youtube.com/@Murkwilect
5:10 Loom
11:47 Feudal Age
16:40 Castle Age
14:31 Horse Collar
15:08 Double-Bit Axe
26:11 Wheelbarrow
29:28 Hand Cart
33:01 Imperial Age
31:05 Bow Saw
30:58 Heavy Plow
31:02 Gold Mining
31:03 Stone Mining
31:50 Fortified Wall
33:17 Heavy Scorpion
33:36 Pikeman
34:58 Siege Engineers
35:21 Ballistics
36:03 Chemistry
35:28 Conscription
35:58 Furor Celtica
35:57 Halberdier
36:49 Forging
36:39 Scale Mail Armor
38:11 Onager
38:53 Murder Holes
39:09 Masonry
39:51 Siege Onager
43:33 Caravan
43:43 Guilds
45:23 Iron Casting
45:04 Chain Mail Armor
47:16 Stronghold
48:01 Hoardings
[FNZ] F3RNZ
4:07 Loom
13:33 Feudal Age
22:06 Castle Age
20:54 Double-Bit Axe
24:27 Fletching
25:10 Bodkin Arrow
26:50 Bow Saw
26:28 Town Watch
28:45 Wheelbarrow
37:13 Imperial Age
34:48 Padded Archer Armor
34:39 Horse Collar
35:49 Hand Cart
35:34 Fishing Lines
36:22 Leather Archer Armor
37:25 Ballistics
37:46 Caravan
39:17 Chemistry
38:21 Bracer
38:24 Heavy Cavalry Archer
39:29 Parthian Tactics
39:11 Thumb Ring
39:44 Conscription
41:36 Onager
42:40 Siege Onager
43:59 Heavy Scorpion
44:27 Elite Skirmisher
MarCus111
0:26 Loom
11:49 Feudal Age
10:51 Double-Bit Axe
17:45 Castle Age
16:15 Bow Saw
15:52 Horse Collar
16:12 Stone Mining
17:42 Fishing Lines
20:37 Wheelbarrow
21:34 Heavy Plow
21:45 Gold Mining
21:54 Gillnets
24:17 Two-Man Saw
29:27 Imperial Age
28:18 Hand Cart
28:13 Padded Archer Armor
28:21 Scale Barding Armor
29:03 Hand Cart
31:19 Gold Shaft Mining
31:19 Stone Shaft Mining
32:23 Forging
32:33 Chain Barding Armor
32:42 Leather Archer Armor
31:55 Light Cavalry
32:36 Husbandry
34:06 Crop Rotation
34:14 Iron Casting
33:22 Treadmill Crane
34:44 Chemistry
34:08 Ballistics
33:25 Hussar
34:53 Plate Barding Armor
34:58 Conscription
34:44 Burgundian Vineyards
35:43 Caravan
37:56 Blast Furnace
36:54 Murder Holes
37:11 Masonry
38:34 Fletching
41:50 Bodkin Arrow
43:02 Cavalier
48:08 Paladin
51:30 Hoardings
50:17 Elite Coustillier
Lino
5:16 Loom
10:46 Feudal Age
11:07 Horse Collar
11:13 Double-Bit Axe
19:15 Castle Age
19:51 Bow Saw
26:35 Wheelbarrow
30:01 Imperial Age
29:18 Bloodlines
29:09 Husbandry
29:12 Caravan
30:01 Gold Mining
30:30 Hand Cart
30:04 Town Watch
30:41 Scale Barding Armor
30:47 Forging
30:58 Masonry
31:09 Ballistics
30:46 Murder Holes
30:57 Devotion
32:35 Two-Man Saw
31:39 Heavy Plow
37:01 Kamandaran
36:25 Elite War Elephant
38:08 Chain Barding Armor
38:23 Iron Casting
37:50 Scale Mail Armor
39:01 Chemistry
38:32 Architecture
39:23 Gold Shaft Mining
38:39 Stone Mining
38:51 Town Patrol
41:53 Stone Shaft Mining
49:25 Plate Barding Armor
49:51 Blast Furnace
51:37 Conscription
50:48 Sappers
51:53 Hoardings
Delicious Tuna
0:51 Loom
13:12 Feudal Age
15:02 Double-Bit Axe
17:49 Castle Age
18:58 Fletching
18:58 Town Watch
24:45 Bow Saw
24:31 Horse Collar
27:09 Gold Mining
28:24 Gold Shaft Mining
27:43 Stone Mining
29:14 Wheelbarrow
29:08 Ballistics
33:16 Imperial Age
31:15 Bodkin Arrow
31:38 Fortified Wall
32:05 Eupseong
32:45 Forging
32:41 Scale Barding Armor
31:59 Elite Skirmisher
33:15 Hand Cart
35:15 Chemistry
36:25 Gold Shaft Mining
38:12 Two-Man Saw
37:38 Heavy Rocket Cart
39:00 Bracer
38:59 Elite War Wagon
39:45 Treadmill Crane
42:23 Shinkichon
42:25 Conscription
45:48 Town Patrol
damiansima
1:51 Loom
13:04 Feudal Age
17:40 Castle Age
15:54 Double-Bit Axe
16:13 Horse Collar
19:37 Bow Saw
25:12 Gold Mining
26:33 Scale Mail Armor
26:43 Forging
27:15 Stone Mining
30:14 Imperial Age
28:23 Wheelbarrow
27:37 Town Watch
28:09 Chain Mail Armor
27:55 Squires
27:40 Arson
28:42 Caravan
28:06 Pikeman
28:34 Arson
31:13 Iron Casting
30:29 Onager
31:02 Halberdier
32:28 Conscription
33:11 Chemistry
34:18 Plate Mail Armor
34:48 Blast Furnace
34:20 Fletching
34:52 Ballistics
34:38 Siege Engineers
34:43 Masonry
36:43 Hand Cart
36:21 Elite Varangian Guard
38:03 Bodkin Arrow
37:36 Siege Onager
38:49 Bracer
38:26 Hamask
41:45 Hoardings
40:31 Elite Jomsviking
44:36 Heavy Scorpion
50:08 Northmen's Fury
Connection lost

Rejoining the realm…

Still unreachable

The connection could not be restored.

Session expired

The server has moved on; the page needs a fresh start.